3172 views
Uploaded 2020-04-22 16:52:20
Game version 1.32.3
12:52 long 2on2 ladder game on (4)TwistedMeadows
Saved by zebroni
3172 views
Uploaded 2020-04-22 16:52:20
Game version 1.32.3
12:52 long 2on2 ladder game on (4)TwistedMeadows
58 units @ 8.5k
/ 0.7k
26 buildings @ 4.4k
/ 1.8k


| Healing Salve | 4 | 400 |
| Lesser Clarity Potion | 6 | 420 |
| Scroll of Town Portal | 2 | 700 |
| total: | 12 | 1520g |
| Peon | 9 | 675 | / | 0 |
| Grunt | 14 | 2800 | / | 0 |
| Spirit Walker | 1 | 195 | / | 35 |
| Goblin Zeppelin | 1 | 240 | / | 60 |
| total: | 25 | 3910g | / | 95w |
| Barracks | 3 | 540 | / | 150 |
| Orc Burrow | 4 | 640 | / | 160 |
| Altar of Storms | 1 | 180 | / | 50 |
| Voodoo Lounge | 1 | 130 | / | 30 |
| War Mill | 1 | 205 | / | 0 |
| Tauren Totem | 3 | 405 | / | 465 |
| Stronghold | 1 | 315 | / | 190 |
| total: | 13 | 2100g | / | 855w |
| 0:03 | Peon |
| 0:03 | Peon |
| 0:03 | Peon |
| 0:19 | Barracks |
| 0:30 | Orc Burrow |
| 0:38 | Peon |
| 0:38 | Peon |
| 0:38 | Peon |
| 0:49 | Barracks |
| 1:00 | Barracks |
| 1:02 | Altar of Storms |
| 1:06 | Peon |
| 1:07 | Peon |
| 1:07 | Peon |
| 1:20 | Grunt |
| 1:39 | Orc Burrow |
| 1:54 | Grunt |
| 2:07 | Voodoo Lounge |
| 2:32 | Acid Bomb |
| 2:51 | Grunt |
| 3:36 | Grunt |
| 3:36 | Stronghold |
| 3:40 | Healing Salve |
| 3:40 | Healing Salve |
| 3:47 | Lesser Clarity Potion |
| 4:05 | Orc Burrow |
| 5:06 | Healing Spray |
| 5:08 | Grunt |
| 5:11 | War Mill |
| 5:20 | Grunt |
| 5:22 | Orc Burrow |
| 6:17 | Healing Spray |
| 6:31 | Steel Armor |
| 6:33 | Tauren Totem |
| 6:38 | Tauren Totem |
| 6:42 | Lesser Clarity Potion |
| 6:49 | Lesser Clarity Potion |
| 7:08 | Berserker Strength |
| 7:34 | Healing Wave |
| 7:43 | Grunt |
| 7:58 | Spirit Walker |
| 8:08 | Healing Salve |
| 8:20 | Grunt |
| 8:30 | Healing Salve |
| 8:36 | Lesser Clarity Potion |
| 8:48 | Spirit Walker Adept Training |
| 9:09 | Grunt |
| 9:22 | Grunt |
| 9:26 | Lesser Clarity Potion |
| 9:56 | Tauren Totem |
| 9:58 | Grunt |
| 10:08 | Lesser Clarity Potion |
| 10:39 | Scroll of Town Portal |
| 10:39 | Scroll of Town Portal |
| 11:08 | Grunt |
| 11:25 | Grunt |
| 11:51 | Goblin Zeppelin |
| 12:37 | Grunt |

| Wisp | 16 | 960 | / | 0 |
| Huntress | 12 | 2340 | / | 240 |
| Archer | 1 | 130 | / | 10 |
| Dryad | 1 | 145 | / | 60 |
| Mountain Giant | 3 | 1050 | / | 300 |
| total: | 33 | 4625g | / | 610w |
| Altar of Elders | 1 | 180 | / | 50 |
| Moon Well | 5 | 900 | / | 200 |
| Ancient of War | 2 | 300 | / | 120 |
| Hunter's Hall | 1 | 210 | / | 100 |
| Tree of Life | 1 | 340 | / | 185 |
| Ancient of Wonders | 1 | 90 | / | 30 |
| Ancient of Lore | 2 | 310 | / | 290 |
| Tree of Ages | 1 | 320 | / | 180 |
| Tree of Eternity | 1 | 330 | / | 200 |
| total: | 13 | 2330g | / | 975w |
| 0:09 | Wisp |
| 0:09 | Wisp |
| 0:18 | Altar of Elders |
| 0:26 | Moon Well |
| 0:28 | Wisp |
| 0:29 | Wisp |
| 0:41 | Wisp |
| 0:41 | Wisp |
| 0:53 | Wisp |
| 0:54 | Wisp |
| 1:04 | Wisp |
| 2:03 | Ancient of War |
| 2:07 | Hunter's Hall |
| 2:12 | Wisp |
| 2:13 | Wisp |
| 2:21 | Moon Well |
| 2:25 | Moon Well |
| 2:32 | Entangling Roots |
| 2:45 | Ancient of War |
| 2:56 | Wisp |
| 3:00 | Moon Well |
| 3:24 | Huntress |
| 3:37 | Huntress |
| 3:38 | Ultravision |
| 3:48 | Wisp |
| 4:08 | Huntress |
| 4:18 | Huntress |
| 4:39 | Huntress |
| 4:54 | Moon Well |
| 5:19 | Huntress |
| 5:26 | Force of Nature |
| 5:33 | Huntress |
| 6:00 | Huntress |
| 6:18 | Huntress |
| 6:46 | Tree of Ages |
| 7:26 | Entangling Roots |
| 7:34 | Huntress |
| 7:40 | Huntress |
| 8:10 | Huntress |
| 9:21 | Wisp |
| 9:21 | Wisp |
| 9:23 | Ancient of Lore |
| 9:23 | Ancient of Lore |
| 9:56 | Wisp |
| 9:58 | Tree of Life |
| 10:08 | Ancient of Wonders |
| 10:14 | Tree of Eternity |
| 10:54 | Archer |
| 11:07 | Dryad |
| 11:18 | Force of Nature |
| 11:24 | Mountain Giant |
| 11:36 | Abolish Magic |
| 12:00 | Mountain Giant |
| 12:32 | Mountain Giant |
58 units @ 8.2k
/ 0.9k
22 buildings @ 3.6k
/ 1.5k

| Healing Salve | 2 | 200 |
| Scroll of Speed | 2 | 100 |
| Lesser Clarity Potion | 1 | 70 |
| Potion of Healing | 1 | 150 |
| Potion of Mana | 1 | 200 |
| Scroll of Town Portal | 1 | 350 |
| total: | 8 | 1070g |
| Peon | 10 | 750 | / | 0 |
| Grunt | 11 | 2200 | / | 0 |
| Kodo Beast | 2 | 510 | / | 120 |
| Spirit Walker | 3 | 585 | / | 105 |
| Forest Troll Berserker | 1 | 245 | / | 30 |
| total: | 27 | 4290g | / | 255w |
| Watch Tower | 1 | 110 | / | 80 |
| Altar of Storms | 1 | 180 | / | 50 |
| Orc Burrow | 4 | 640 | / | 160 |
| Barracks | 1 | 180 | / | 50 |
| Voodoo Lounge | 1 | 130 | / | 30 |
| War Mill | 1 | 205 | / | 0 |
| Tauren Totem | 1 | 135 | / | 155 |
| Beastiary | 1 | 145 | / | 140 |
| Stronghold | 1 | 315 | / | 190 |
| total: | 11 | 1725g | / | 665w |
| 0:03 | Peon |
| 0:03 | Peon |
| 0:05 | Altar of Storms |
| 0:18 | Orc Burrow |
| 0:24 | Peon |
| 0:29 | Barracks |
| 0:37 | Peon |
| 0:38 | Peon |
| 0:45 | Peon |
| 1:27 | Voodoo Lounge |
| 1:31 | Grunt |
| 1:53 | Grunt |
| 1:56 | Orc Burrow |
| 1:59 | Grunt |
| 2:00 | Grunt |
| 2:07 | Endurance Aura |
| 2:49 | Peon |
| 2:49 | Peon |
| 2:50 | Grunt |
| 3:34 | Grunt |
| 3:35 | Peon |
| 3:37 | Peon |
| 3:47 | Pillage |
| 4:12 | War Stomp |
| 4:34 | Orc Burrow |
| 4:37 | Stronghold |
| 4:55 | War Mill |
| 5:00 | Healing Salve |
| 5:00 | Healing Salve |
| 5:01 | Scroll of Speed |
| 5:23 | Grunt |
| 5:52 | Grunt |
| 6:08 | War Stomp |
| 6:37 | Grunt |
| 6:52 | Watch Tower |
| 6:57 | Steel Armor |
| 7:05 | Forest Troll Berserker |
| 7:13 | Berserker Strength |
| 7:42 | Grunt |
| 8:39 | Tauren Totem |
| 8:41 | Beastiary |
| 8:43 | Reinforced Defenses |
| 9:47 | Kodo Beast |
| 9:51 | Lesser Clarity Potion |
| 9:53 | Scroll of Town Portal |
| 9:53 | Potion of Healing |
| 9:53 | Potion of Mana |
| 9:55 | Scroll of Speed |
| 9:57 | Spirit Walker |
| 10:17 | Orc Burrow |
| 10:37 | Spirit Walker Adept Training |
| 10:46 | Endurance Aura |
| 11:23 | Spirit Walker |
| 11:24 | Kodo Beast |
| 12:46 | Spirit Walker |
| 12:47 | Grunt |


| Dust of Appearance | 1 | 75 |
| Scroll of Healing | 1 | 250 |
| total: | 2 | 325g |
| Wisp | 9 | 540 | / | 0 |
| Archer | 11 | 1430 | / | 110 |
| Huntress | 2 | 390 | / | 40 |
| Dryad | 7 | 1015 | / | 420 |
| Forest Troll Berserker | 2 | 490 | / | 60 |
| total: | 31 | 3865g | / | 630w |
| Moon Well | 5 | 900 | / | 200 |
| Ancient of War | 1 | 150 | / | 60 |
| Altar of Elders | 1 | 180 | / | 50 |
| Hunter's Hall | 1 | 210 | / | 100 |
| Ancient of Lore | 3 | 465 | / | 435 |
| Tree of Ages | 1 | 320 | / | 180 |
| Tree of Eternity | 3 | 990 | / | 600 |
| total: | 11 | 1905g | / | 845w |
| 0:03 | Wisp |
| 0:03 | Wisp |
| 0:03 | Wisp |
| 0:20 | Moon Well |
| 0:30 | Wisp |
| 0:34 | Ancient of War |
| 0:39 | Wisp |
| 1:00 | Wisp |
| 1:08 | Moon Well |
| 1:19 | Altar of Elders |
| 1:32 | Wisp |
| 1:35 | Archer |
| 1:40 | Wisp |
| 1:44 | Archer |
| 1:44 | Archer |
| 2:04 | Moon Well |
| 2:15 | Archer |
| 2:15 | Archer |
| 2:16 | Archer |
| 2:30 | Black Arrow |
| 2:58 | Archer |
| 3:39 | Wisp |
| 3:41 | Archer |
| 3:57 | Archer |
| 4:06 | Tree of Ages |
| 4:13 | Hunter's Hall |
| 4:29 | Archer |
| 4:43 | Moon Well |
| 5:25 | Forest Troll Berserker |
| 5:25 | Forest Troll Berserker |
| 5:41 | Moon Well |
| 5:53 | Huntress |
| 6:06 | Silence |
| 6:32 | Dust of Appearance |
| 6:38 | Ancient of Lore |
| 6:53 | Ancient of Lore |
| 6:57 | Frost Arrows |
| 7:46 | Archer |
| 8:23 | Dryad |
| 8:24 | Huntress |
| 8:35 | Forked Lightning |
| 8:43 | Black Arrow |
| 8:52 | Ancient of Lore |
| 9:03 | Dryad |
| 9:08 | Abolish Magic |
| 9:09 | Dryad |
| 9:11 | Dryad |
| 9:27 | Druid of the Claw Adept Training |
| 9:27 | Druid of the Claw Master Training |
| 10:04 | Dryad |
| 10:06 | Tree of Eternity |
| 10:06 | Tree of Eternity |
| 10:13 | Dryad |
| 10:42 | Dryad |
| 10:54 | Scroll of Healing |
| 11:08 | Strength of the Wild |
| 12:44 | Frost Arrows |